 Dungeon Crawl Stone Soup version 0.20.0-15-g7f486f2 (webtiles) character file.

464963 Iskender the Middleweight Champion (level 24, -25/225 HPs)
             Began as a Ghoul Artificer on June 28, 2017.
             Was the Champion of Ru.
             Killed from afar by a deep elf high priest (33 damage)
             ... with damnation
             ... on level 5 of the Vaults.
             The game lasted 05:17:15 (41836 turns).

Iskender the Middleweight Champion (GhAr)          Turns: 41836, Time: 05:17:15

Health: -25/225    AC: 28    Str: 25    XL:     24   Next: 55%
Magic:  23/31      EV: 18    Int:  8    God:    Ru [******]
Gold:   4851       SH: 16    Dex: 15    Spells: 19/23 levels left

rFire    + . .     SeeInvis +     - Unarmed
rCold    . . .     Gourm    .   w - +3 buckler {rF+}
rNeg     + + +     Faith    .   Q - +6 chain mail of Twilight {rF+ rN+ Str+3 Dex-2}
rPois    ∞         Spirit   .   o - +0 helmet
rElec    .         Reflect  +   A - +2 cloak {MR+}
rCorr    .         Harm     .   (no gloves)
MR       ++...                  Z - +2 pair of boots {Fly}
Stlth    ..........             K - brooch of Shielding {Reflect SH+8}
Regen    0.0/turn               E - +4 ring of evasion
MPRegen  0.3/turn               i - ring of see invisible

@: agile, exhausted, singing, no scrolls, very slightly contaminated, rotting,
drained
A: rotting body, claws 1, carnivore 3, cold resistance 1, negative energy
resistance 3, inhibited regeneration, torment resistance, unbreathing, inability
to read while threatened, no stealth, inability to train dodging, no
conjurations magic, no necromancy magic, no poison magic, temperature sensitive
}: 2/15 runes: decaying, serpentine
a: Draw Out Power, Power Leap, Apocalypse, Renounce Religion, Evoke Flight


You were on level 5 of the Vaults.
You worshipped Ru.
Ru was exalted by your worship.
You were not hungry.

You visited 8 branches of the dungeon, and saw 40 of its levels.
You visited the Abyss 1 time.
You also visited: Ice Cave, Volcano and Wizlab.

You collected 6397 gold pieces.
You spent 1546 gold pieces at shops.

Inventory:

Hand Weapons
 b - a +4 blowgun
Missiles
 I - 6 javelins
 O - 3 throwing nets (quivered) {!f}
 U - 16 curare-tipped needles
Armour
 o - a +0 helmet (worn)
 w - a +3 buckler of fire resistance (worn)
 A - a +2 cloak of magic resistance (worn)
 Q - the +6 chain mail of Twilight (worn) {rF+ rN+ Str+3 Dex-2}
   (You bought it in a shop on level 2 of the Orcish Mines)

   It affects your strength (+3).
   It affects your dexterity (-2).
   It protects you from fire.
   It protects you from negative energy.
 Z - a +2 pair of boots of flying (worn)
Jewellery
 c - an uncursed ring of ice
 f - an uncursed ring of protection from fire
 i - a ring of see invisible (right claw)
 m - an uncursed ring of protection from magic
 C - a +3 amulet of reflection {unknown}
 E - a +4 ring of evasion (left claw)
 K - the brooch of Shielding (around neck) {Reflect SH+8}
   (You took it off a yaktaur captain on level 14 of the Dungeon)

   [amulet of reflection]

   It shields you and reflects attacks.
   It affects your SH (+8).
 P - the amulet of the Air {Inacc +Fly rElec EV+5 RMsl}
   (You found it on level 5 of the Dungeon)

   [amulet of inaccuracy]

   It reduces the accuracy of all your attacks.
   It affects your evasion (+5).
   It insulates you from electricity.
   It lets you fly.
   It protects you from missiles.
 S - an uncursed ring of resist corrosion
 Y - the amulet of Ceukk {rF- rN+++ MR+ Regen+ Int+4, unknown}
   (You found it on level 5 of the Vaults)

   [amulet of regeneration]

   It affects your intelligence (+4).
   It makes you vulnerable to fire.
   It renders you almost immune to negative energy.
   It affects your resistance to hostile enchantments.
   It increases your rate of regeneration.
Wands
 d - a wand of enslavement (16/24)
 e - a wand of acid (7/15)
 g - a wand of acid (4/15)
 n - a wand of paralysis (9/24)
 t - a wand of clouds (6/9)
 y - a wand of acid (2/15)
 G - a wand of iceblast (9/15)
 L - a wand of iceblast (8/15)
 M - a wand of iceblast (1/15)
 V - a wand of disintegration (13/24)
Scrolls
 h - 5 scrolls of blinking
 l - 3 scrolls of silence
 q - 3 scrolls of enchant weapon
 s - 2 scrolls of fog
 v - 4 scrolls of summoning
 x - 10 scrolls of teleportation
 B - 8 scrolls of remove curse
 D - 4 scrolls of fear
 F - 2 scrolls of magic mapping
 H - 10 scrolls of identify
 J - 7 scrolls of enchant armour
 W - 12 scrolls of recharging
Potions
 j - 4 potions of might
 r - 9 potions of curing
 u - 7 potions of resistance
 z - 8 potions of agility
 T - a potion of cancellation
 X - 6 potions of haste
Miscellaneous
 N - a lightning rod (4/4)
Comestibles
 a - 17 meat rations
 k - 2 chunks of flesh


   Skills:
 - Level 20.4(19.6) Fighting
   Level 0.8(0.4) Short Blades
 - Level 15.3(14.7) Armour
 - Level 4.1(3.6) Shields
 O Level 27(26.1) Unarmed Combat
 - Level 9.1(8.5) Charms
 - Level 13.2(12.6) Translocations
 + Level 13.0(12.4) Evocations


You had 19 spell levels left.
You knew the following spells:

 Your Spells              Type           Power        Failure   Level  Hunger
g - Shroud of Golubria    Chrm/Tloc      ###.......   3%          2    ###....
Z - Song of Slaying       Chrm           ##......     9%          2    ###....


Dungeon Overview and Level Annotations

Branches:
Dungeon (15/15)            Temple (1/1) D:4            Lair (6/6) D:8
  Swamp (4/4) Lair:4        Snake (4/4) Lair:4        Slime (0/5) Lair:5
    Orc (2/2) D:11            Elf (0/3) Orc:2        Vaults (5/5) D:13
  Crypt (3/3) Vaults:3       Tomb (0/3) Crypt:3      Depths (0/5) D:15

Altars:
Ashenzari
Cheibriados
Dithmenos
Elyvilon
Fedhas
Gozag
Hepliaklqana
Kikubaaqudgha
Makhleb
Nemelex Xobeh
Okawaru
Qazlal
Ru
Sif Muna
Trog
Uskayaw
Vehumet
Xom
Yredelemnul
Zin
The Shining One
Beogh
Jiyva

Shops:
D:8 [[:(   D:14 ?   D:15 [   Orc:1 (   Orc:2 [=*([   Vaults:1 }   Vaults:2 %
Vaults:3 [   Vaults:5 }

Annotations:
D:15 exclusion: Roxanne, Roxanne
Lair:6 exclusion: 4 oklob plants
Vaults:3 exclusion: orange crystal statue


Innate Abilities, Weirdness & Mutations

Your body is rotting away.
You thrive on raw meat.
You are immune to poison.
You have sharp fingernails.
You are carnivorous and can eat meat at any time.
Your flesh is cold resistant. (rC+)
You are immune to negative energy. (rN+++)
You do not regenerate when monsters are visible.
You are immune to unholy pain and torment.
You can survive without breathing.
You cannot read scrolls while threatened.
You cannot be stealthy.
You cannot train Dodging skill.
You cannot study or cast Conjurations magic.
You cannot study or cast Necromancy magic.
You cannot study or cast Poison magic.
You are sensitive to extremes of temperature. (rF-, rC-)


Message History

A great sword of flaming.
There is something else lying underneath.
An open door, spattered with blood.
The titan casts a spell at you. The bolt of lightning misses you.
Okay, then.
Evoke which item? (* to show all) (? for menu, Esc to quit)
Aiming: Enslavement
Press: ? - help, Shift-Dir - straight line, f - ogre mage
Aim: an ogre mage, wielding a whip of draining and wearing a robe (chance to defeat MR: 26%)
Okay, then.
Unknown command.
Evoke which item? (* to show all) (? for menu, Esc to quit)
Okay, then.
Unknown command.
Okay, then.
You feel better.
The deep elf high priest invokes the aid of its god against you.
The sphere of damnation explodes!
The damnation engulfs you!
You die...

(##).....#'#..[...##...#....#..#
####....##.##....####..#....#.#.#
####.)..#.∩.#....## #..#....# .#.
.##.....##.##....e##...#....# ..
.........###......e...##....# ..
..............E.COO..# #....#
..#'#...........#C#O.##
.##.##.........##[##..##
.#.[}#.........#@..#...#
.##}##.........##.##..#
..###.......)...###..#
.....................###....#
.........###..p..C....##....# .
.##.....## ##.....##...#....# .
####....+ #....## #..#....# ..
####(...## ##...)####..#....# #..
.##......# #....))##.).#....##)..


You could see a titan (blind), a deep elf annihilator, a two-headed ogre, an
ogre mage and a deep elf high priest.

Vanquished Creatures
  Vashnia (Snake:3)
  Nikola (Vaults:3)
  A profane servitor (Crypt:3)
  A bone dragon (Crypt:3)
  Jorgrun (Snake:3)
  A Cloud Mage (WizLab)
  5 tentacled monstrosities
  7 titans (Vaults:5)
  A lich (Abyss:3)
  2 sphinxes (Vaults:5)
  A thorn hunter (Swamp:4)
  Kirke (D:15)
  4 tengu reavers (Vaults:5)
  7 ancient champions
  Agnes (Snake:4)
  6 shadow dragons (Vaults:5)
  The ghost of KleinerIrrer the Phalangite, an adept MfGl of Hepliaklqana (D:13)
  A storm dragon (Vaults:5)
  11 nagarajas
  2 frost giants (Vaults:5)
  4 fire giants (Vaults:5)
  5 revenants
  20 vault wardens
  A deep elf sorcerer (Abyss:3)
  An orc warlord (Orc:2)
  3 curse skulls
  22 ironheart preservers
  A war gargoyle (Vaults:5)
  9 stone giants
  4 ghouls
  An entropy weaver (Vaults:1)
  5 very ugly things
  2 deep elf demonologists (Vaults:5)
  7 vampire knights
  A deep elf annihilator (Vaults:3)
  A dire elephant (Lair:6)
  Snorg (Lair:6)
  5 eidola
  4 deep elf death magi
  Josephine (D:11)
  A crystal guardian (Vaults:4)
  2 fire dragons
  3 ettins
  11 jiangshi
  A deep elf high priest (Vaults:5)
  A spectral golden dragon (Crypt:1)
  2 green deaths (Swamp:4)
  A quicksilver dragon zombie (Crypt:2)
  16 yaktaur captains
  2 great orbs of eyes (Vaults:2)
  3 ice dragons
  30 vault guards
  23 hydras
  13 naga warriors
  3 ghost crabs
  11 ogre magi
  7 centaur warriors
  Erica (D:11)
  4 rakshasas
  2 spriggan air magi (WizLab)
  2 catoblepae
  7 alligators
  19 anacondas
  4 death knights
  29 two-headed ogres
  A queen ant (Lair:2)
  3 deep troll earth magi
  6 vampire magi
  3 small abominations (Vaults:5)
  4 tengu warriors
  2 deep troll shamans
  11 naga sharpshooters
  6 hell knights
  4 thrashing horrors
  5 soul eaters
  6 deep elf knights
  An orc high priest (Orc:2)
  2 wretched stars (Abyss:3)
  6 shock serpents
  7 salamander mystics
  4 spriggans
  2 storm dragon zombies
  A titan skeleton (Crypt:3)
  18 skeletal warriors
  A sixfirhy (Abyss:3)
  A spatial maelstrom (Abyss:3)
  9 shadow wraiths
  4 unseen horrors
  6 deep elf archers
  4 flayed ghosts
  21 deep trolls
  8 swamp dragons
  10 naga ritualists
  A golden dragon skeleton (Crypt:3)
  4 spriggan druids
  23 ironbrand convokers
  3 shambling mangroves
  17 phantasmal warriors
  An iron dragon zombie (Crypt:1)
  4 lindwurms
  8 harpies (Vaults:1)
  9 orc knights
  8 mana vipers
  4 manticores
  9 cyclopes
  36 ugly things
  9 necromancers
  A shadow dragon skeleton (Crypt:3)
  14 deep elf magi
  2 stone giant zombies
  6 orc sorcerers
  3 wolf spiders
  4 fire giant zombies
  13 salamanders
  A stone giant skeleton (D:15)
  10 guardian serpents
  14 elephants
  45 black mambas
  A fire giant skeleton (Vaults:3)
  A shock serpent zombie (Crypt:2)
  26 naga magi
  A frost giant skeleton (Crypt:1)
  2 ice statues (IceCv)
  4 molten gargoyles
  2 spiny frogs (shapeshifter)
  11 spiny frogs
  2 orange demons (Swamp:4)
  2 gargoyles
  19 vault sentinels
  A torpor snail (Lair:3)
  2 emperor scorpion zombies
  An efreet (Abyss:3)
  5 rime drakes
  2 kobold demonologists
  A yellow draconian zombie (Crypt:3)
  A catoblepas zombie (Crypt:2)
  13 komodo dragons
  A titan simulacrum (Crypt:3)
  47 yaktaurs
  An ancient zyme (Abyss:3)
  An iron troll zombie (Crypt:3)
  10 freezing wraiths
  A guardian mummy (D:15)
  2 polar bears
  8 trolls
  A hydra zombie (Crypt:1)
  Grum (D:9)
  The ghost of cba the Nimble, a novice FeBe of Trog (D:7)
  6 meliai
  8 wind drakes
  3 large abominations
  A queen bee (shapeshifter) (Vaults:1)
  8 hornets
  3 tyrant leeches
  A polar bear (shapeshifter) (Vaults:2)
  5 bog bodies
  A shadow dragon simulacrum (Crypt:2)
  A wolf spider simulacrum (Crypt:3)
  A frost giant simulacrum (Crypt:3)
  5 raiju (Abyss:3)
  An ice dragon zombie (Crypt:3)
  A meliai zombie (D:11)
  52 slime creatures
  8 hippogriffs
  11 blink frogs
  A hornet (shapeshifter) (D:14)
  Grinder (D:4)
  An ettin skeleton (Crypt:1)
  A fire dragon zombie (Crypt:3)
  3 flying skulls (D:11)
  7 vampires
  28 air elementals
  A black mamba zombie (Crypt:1)
  7 shadows
  2 wyverns
  A spriggan skeleton (D:15)
  A centaur simulacrum (D:14)
  A human (shapeshifter) (Vaults:3)
  A deep troll skeleton (D:15)
  36 yaks
  10 wraiths
  An ice dragon skeleton (Crypt:3)
  2 hogs (shapeshifter)
  5 fire bats (Volcano)
  A fire bat (shapeshifter) (Vaults:4)
  5 basilisks
  2 hogs (D:15)
  A hungry ghost (D:15)
  2 yaktaur simulacra
  A chaos spawn (Abyss:3)
  15 vampire mosquitoes
  A steam dragon (D:12)
  A neqoxec (Abyss:3)
  Edmund (D:5)
  14 insubstantial wisps (WizLab)
  43 nagas
  15 swamp worms
  A yellow draconian simulacrum (Crypt:2)
  6 wargs
  6 acid dragons
  An infernal demonspawn skeleton (Crypt:1)
  22 soldier ants
  A hell hound (Abyss:3)
  6 porcupines
  22 water moccasins
  49 orc warriors
  A black bear (shapeshifter) (Vaults:3)
  14 ice beasts (IceCv)
  4 sky beasts
  A spiny frog skeleton (Crypt:2)
  3 phantoms
  7 swamp drakes
  2 black bears
  3 eyes of draining
  A monstrous demonspawn skeleton (Crypt:1)
  A necrophage (Crypt:2)
  22 wolves
  A hornet zombie (Crypt:1)
  21 centaurs
  26 ogres
  6 boggarts (Vaults:3)
  15 crocodiles
  3 human skeletons (Vaults:3)
  A crocodile (shapeshifter) (Vaults:1)
  12 bullfrogs
  A draconian zombie (Crypt:3)
  A torturous demonspawn simulacrum (Crypt:2)
  An elf skeleton (Crypt:1)
  A komodo dragon skeleton (Crypt:1)
  An earth elemental (Abyss:3)
  A water moccasin zombie (D:12)
  4 jellies
  A warg zombie (Crypt:3)
  A salamander skeleton (Crypt:2)
  A wyvern skeleton (D:11)
  3 scorpions
  A troll zombie (Crypt:2)
  A water moccasin skeleton (D:8)
  4 killer bees (D:9)
  A troll skeleton (Crypt:2)
  3 wights
  6 howler monkeys
  An electric eel (Lair:3)
  6 crimson imps
  A basilisk zombie (Crypt:3)
  Crazy Yiuf (D:5)
  A bullfrog zombie (D:7)
  11 lava snakes
  2 quasits
  5 centaur zombies
  8 centaur skeletons
  5 hounds
  41 orc priests
  34 orc wizards
  Jessica (D:3)
  6 bullfrog skeletons
  9 iguanas
  A black bear skeleton (Crypt:1)
  6 hell rats (Lair:6)
  34 worker ants
  A hound skeleton (D:9)
  5 worker ant zombies
  9 gnolls
  17 adders
  A howler monkey skeleton (D:11)
  6 shadow imps
  13 white imps
  An adder zombie (D:8)
  A lava snake zombie (Crypt:2)
  A worm (shapeshifter) (Vaults:1)
  An adder skeleton (D:6)
  2 worms
  5 dart slugs
  10 leopard geckos
  108 orcs
  7 bats
  6 giant cockroaches
  6 goblins
  12 hobgoblins
  13 jackals
  8 kobolds
  5 quokkas
  2 ball pythons
  4 frilled lizards
  A giant cockroach zombie (D:5)
  A hobgoblin zombie (Crypt:3)
  2 jackal zombies
  A kobold skeleton (Crypt:1)
  2 leopard gecko zombies
  An orc skeleton (Crypt:1)
  A quokka skeleton (D:6)
  9 rats
  A river rat skeleton (Crypt:3)
  A crawling corpse (Vaults:5)
  4 fungi
  5 plants
1992 creatures vanquished.

Vanquished Creatures (collateral kills)
  A porcupine (Lair:2)
  3 orc wizards (D:5)
  3 orcs (D:8)
  A hobgoblin (D:3)
8 creatures vanquished.

Vanquished Creatures (others)
  An iron dragon (Vaults:5)
  2 stone giants (Vaults:4)
  3 hydras
  An anaconda (Snake:4)
  An alligator (Swamp:1)
  A naga sharpshooter (Snake:3)
  A deep elf knight (Vaults:4)
  A swamp dragon (Swamp:4)
  An ironbrand convoker (Vaults:5)
  A lindwurm (Snake:4)
  A centaur zombie (D:11)
  A naga mage (Snake:4)
  A black mamba (Lair:2)
  3 yaktaurs
  A rime drake (Lair:5)
  A komodo dragon (Lair:3)
  A blink frog (Abyss:3)
  A slime creature (Swamp:4)
  2 hippogriffs
  A tyrant leech (Swamp:3)
  A flying skull (D:11)
  A yak (Lair:5)
  A vampire mosquito (Swamp:2)
  3 humans (D:15)
  A small abomination (Abyss:3)
  2 nagas
  2 orc warriors
  A wolf (D:9)
  A centaur (D:15)
  A scorpion (shapeshifter) (Vaults:5)
  A wight (D:11)
  A bullfrog skeleton (D:5)
  A ball lightning (Abyss:3)
  4 orcs
  2 briar patches (Swamp:4)
  A crawling corpse (Vaults:5)
  10 fungi
  26 plants
86 creatures vanquished.

Grand Total: 2086 creatures vanquished

Notes
Turn   | Place    | Note
-------+----------+-------------------------------------------
     0 | D:1      | Iskender the Ghoul Artificer began the quest for the Orb.
     0 | D:1      | Reached XP level 1. HP: 16/16 MP: 1/1
    61 | D:1      | Reached skill level 1 in Unarmed Combat
    87 | D:1      | Reached XP level 2. HP: 15/23 MP: 3/3
   175 | D:1      | Reached skill level 2 in Unarmed Combat
   399 | D:1      | Reached XP level 3. HP: 28/28 MP: 4/4
   548 | D:1      | Reached skill level 3 in Unarmed Combat
  1069 | D:2      | Reached skill level 4 in Unarmed Combat
  1069 | D:2      | Reached XP level 4. HP: 32/35 MP: 5/5
  1128 | D:2      | Found a bloodstained altar of Trog.
  1138 | D:2      | Found a shadowy altar of Dithmenos.
  1356 | D:3      | Noticed Jessica
  1418 | D:3      | Reached XP level 5. HP: 37/40 MP: 6/6
  1492 | D:3      | Reached skill level 5 in Unarmed Combat
  1710 | D:3      | Reached skill level 6 in Unarmed Combat
  1792 | D:3      | Reached XP level 6. HP: 43/47 MP: 7/7
  1836 | D:3      | Killed Jessica
  1998 | D:4      | Found a staircase to the Ecumenical Temple.
  2072 | Temple   | Entered the Ecumenical Temple
  2236 | Temple   | Became a worshipper of Ru the Awakened
  2362 | D:4      | Noticed a phantom
  2401 | D:4      | Killed a phantom
  2401 | D:4      | Reached skill level 7 in Unarmed Combat
  2435 | D:4      | Got a dazzling leather armour
  2455 | D:4      | Identified the +2 leather armour "Xuuxty" {*Corrode +Blink rPois Int-2} (You found it on level 4 of the Dungeon)
  2660 | D:4      | Reached skill level 8 in Unarmed Combat
  2660 | D:4      | Reached XP level 7. HP: 52/52 MP: 8/8
  2906 | D:5      | Entered Level 5 of the Dungeon
  2985 | D:5      | Reached skill level 9 in Unarmed Combat
  3074 | D:5      | Noticed Grinder
  3121 | D:5      | Paralysed by Grinder for 3 turns
  3122 | D:5      | Noticed Edmund
  3128 | D:4      | Paralysed by Grinder for 4 turns
  3152 | D:4      | Paralysed by Grinder for 3 turns
  3223 | D:5      | Reached XP level 8. HP: 41/59 MP: 9/9
  3256 | D:5      | Killed Edmund
  3256 | D:5      | Reached skill level 10 in Unarmed Combat
  3376 | D:5      | Gained mutation: You cannot read scrolls while threatened. [Ru sacrifice]
  3376 | D:5      | Reached * piety under Ru
  3515 | D:5      | Found a sparkling altar of Nemelex Xobeh.
  3720 | D:5      | Found a runed door.
  3725 | D:5      | Noticed Crazy Yiuf
  3767 | D:5      | Killed Crazy Yiuf
  4360 | D:6      | Reached skill level 5 in Fighting
  4454 | D:6      | Found a hazy altar of Hepliaklqana.
  4768 | D:4      | Killed Grinder
  4768 | D:4      | Reached XP level 9. HP: 69/78 MP: 10/10
  4843 | D:7      | Noticed cba's ghost (novice FeBe)
  4870 | D:7      | Killed cba's ghost
  5109 | D:7      | Found a shattered altar of Ashenzari.
  5186 | D:7      | Reached skill level 11 in Unarmed Combat
  5411 | D:8      | Found Bijoicw's Antique Armour Shoppe.
  5418 | D:8      | Bought a pair of glowing boots for 202 gold pieces
  5558 | D:8      | Found Zosov's Weapon Shop.
  5562 | D:8      | Found a staircase to the Lair.
  5576 | D:8      | Found Dyubiqee's Armour Shoppe.
  5618 | D:8      | Gained mutation: You cannot train Dodging skill. [Ru sacrifice]
  5618 | D:8      | Reached ** piety under Ru
  5652 | D:8      | Bought a +0 buckler for 54 gold pieces
  5765 | D:8      | Reached skill level 1 in Shields
  5765 | D:8      | Reached XP level 10. HP: 86/86 MP: 11/11
  6100 | D:8      | Reached skill level 12 in Unarmed Combat
  6190 | D:8      | Found Oceroosu's Book Shoppe.
  6279 | D:9      | Found an opulent altar of Gozag.
  6389 | D:9      | Noticed a two-headed ogre
  6402 | D:9      | Killed a two-headed ogre
  6637 | D:9      | Noticed Grum
  6677 | D:9      | Killed Grum
  6677 | D:9      | Reached skill level 13 in Unarmed Combat
  6778 | D:9      | Found a glowing golden altar of the Shining One.
  7098 | D:9      | Noticed a two-headed ogre
  7108 | D:9      | Killed a two-headed ogre
  7380 | D:9      | Gained mutation: You are sensitive to extremes of temperature. (rF-, rC-) [Ru sacrifice]
  7380 | D:9      | Reached *** piety under Ru
  7380 | D:9      | Reached **** piety under Ru
  7380 | D:9      | Reached ***** piety under Ru
  7589 | D:9      | Reached skill level 14 in Unarmed Combat
  7589 | D:9      | Reached XP level 11. HP: 85/92 MP: 6/12
  7604 | D:10     | Entered Level 10 of the Dungeon
  7832 | D:10     | Got a translucent ring mail
  7844 | D:10     | Identified the cursed +0 ring mail "Suoraos" {rPois rF- Str+2 SInv} (You found it on level 10 of the Dungeon)
  8372 | D:8      | Bought a pair of brightly glowing gloves for 256 gold pieces
  8377 | D:8      | Identified the cursed +0 pair of gloves of Summer {rElec} (You bought it in a shop on level 8 of the Dungeon)
  8426 | Lair:1   | Entered Level 1 of the Lair of Beasts
  8482 | Lair:1   | Reached skill level 15 in Unarmed Combat
  8695 | Lair:1   | Reached skill level 1 in Armour
  8993 | Lair:1   | Gained mutation: You cannot study or cast Poison magic. [Ru sacrifice]
  8993 | Lair:1   | Gained mutation: You cannot study or cast Necromancy magic. [Ru sacrifice]
  8993 | Lair:1   | Gained mutation: You cannot study or cast Conjurations magic. [Ru sacrifice]
  9096 | Lair:2   | Noticed a catoblepas
  9125 | Lair:1   | Killed a catoblepas
  9129 | Lair:1   | Reached skill level 5 in Armour
  9286 | Lair:2   | Noticed a seven-headed hydra
  9433 | Lair:2   | Identified Sif Muna's Handbook of Arcane Weapons and Execration
  9881 | Lair:2   | Noticed a queen ant
  9954 | Lair:2   | Reached XP level 12. HP: 51/100 MP: 7/13
  9960 | Lair:2   | Killed a queen ant
 10045 | Lair:2   | Got a steaming robe
 10062 | Lair:2   | Identified the cursed +1 robe of the Barracuda {Dex+3} (You found it on level 2 of the Lair of Beasts)
 10681 | Lair:3   | Noticed a six-headed hydra
 10690 | Lair:3   | Killed a six-headed hydra
 11030 | Lair:3   | Reached skill level 10 in Fighting
 11362 | Lair:4   | Learned a level 2 spell: Shroud of Golubria
 11366 | Lair:4   | Learned a level 2 spell: Song of Slaying
 11403 | Lair:4   | Found a staircase to the Swamp.
 11458 | Lair:4   | Reached skill level 16 in Unarmed Combat
 11484 | Lair:4   | Found a staircase to the Snake Pit.
 11583 | Lair:4   | Reached XP level 13. HP: 82/113 MP: 14/14
 12253 | Lair:5   | Reached skill level 17 in Unarmed Combat
 12632 | Lair:5   | Found a viscous altar of Jiyva.
 12633 | Lair:5   | Found a staircase to the Slime Pits.
 12786 | Lair:6   | Entered Level 6 of the Lair of Beasts
 12871 | Lair:6   | Noticed Snorg
 12872 | Lair:6   | Killed Snorg
 12903 | Lair:6   | Reached skill level 18 in Unarmed Combat
 13174 | Lair:6   | Found a dark tunnel.
 13184 | Volcano  | Entered a volcano
 13243 | Volcano  | Reached XP level 14. HP: 108/121 MP: 16/16
 13341 | Volcano  | Reached skill level 19 in Unarmed Combat
 13352 | Volcano  | Found a burning altar of Makhleb.
 13964 | Lair:6   | Noticed a dire elephant
 13970 | Lair:6   | Killed a dire elephant
 14076 | Lair:6   | Reached skill level 20 in Unarmed Combat
 14791 | D:11     | Found a roughly hewn altar of Beogh.
 14791 | D:11     | Found a staircase to the Orcish Mines.
 14902 | Orc:1    | Entered Level 1 of the Orcish Mines
 14912 | Orc:1    | Reached skill level 5 in Evocations
 15047 | Orc:1    | Found Ziddisso's Weapon Emporium.
 15368 | Orc:2    | Entered Level 2 of the Orcish Mines
 15441 | Orc:2    | Found a staircase to the Elven Halls.
 15917 | Orc:2    | Noticed an orc warlord
 15927 | Orc:2    | Killed an orc warlord
 16084 | Orc:2    | Found Asentaov's Antique Armour Shoppe.
 16119 | Orc:2    | Bought a shiny buckler for 240 gold pieces
 16240 | Orc:2    | Paralysed by an orc sorcerer for 4 turns
 16291 | Orc:2    | Found a roughly hewn altar of Beogh.
 16346 | Orc:2    | Reached XP level 15. HP: 62/132 MP: 17/17
 16371 | Orc:2    | Found Muox's General Store.
 16389 | Orc:2    | Found Cahac's Jewellery Shoppe.
 16434 | Orc:2    | Found Watyti Asusa's Antique Weapon Shoppe.
 16451 | Orc:2    | Found Gufehe Fute's Antique Armour Shoppe.
 16458 | Orc:2    | Bought a brightly glowing chain mail for 351 gold pieces
 16512 | Orc:2    | Identified the +6 chain mail of Twilight {rF+ rN+ Str+3 Dex-2} (You bought it in a shop on level 2 of the Orcish Mines)
 16746 | Orc:2    | Bought a glowing blowgun for 192 gold pieces
 16991 | D:11     | Noticed Josephine
 17019 | D:11     | Killed Josephine
 17188 | D:11     | Noticed Erica
 17279 | D:11     | Killed Erica
 17640 | D:11     | Identified a scroll of acquirement
 17886 | D:12     | Found a frozen archway.
 17937 | IceCv    | Entered an ice cave
 19225 | D:13     | Found a gate to the Vaults.
 19312 | D:13     | Gained mutation: You cannot be stealthy. [Ru sacrifice]
 19312 | D:13     | Reached ****** piety under Ru
 19362 | D:13     | Noticed KleinerIrrer's ghost (adept MfGl)
 19634 | D:13     | Killed KleinerIrrer's ghost
 20084 | D:14     | Found Sustragih's Magic Scroll Emporium.
 20090 | D:14     | Bought a scroll of identify for 26 gold pieces
 20439 | D:14     | Found a runed door.
 20807 | D:14     | Reached XP level 16. HP: 91/144 MP: 21/21
 21008 | D:14     | Reached skill level 21 in Unarmed Combat
 21717 | D:15     | Entered Level 15 of the Dungeon
 21725 | D:15     | Noticed Roxanne
 21827 | D:15     | Found Venaume's Antique Armour Shoppe.
 21858 | D:15     | Found a stormy altar of Qazlal.
 21874 | D:15     | Noticed Kirke
 21895 | D:15     | Killed Kirke
 22119 | D:15     | Reached skill level 22 in Unarmed Combat
 22133 | D:15     | Found a staircase to the Depths.
 22963 | Swamp:1  | Entered Level 1 of the Swamp
 23329 | Swamp:1  | Found a hide-covered altar of Uskayaw.
 23879 | Swamp:2  | Reached skill level 23 in Unarmed Combat
 23879 | Swamp:2  | Reached XP level 17. HP: 125/149 MP: 22/22
 25012 | Swamp:4  | Entered Level 4 of the Swamp
 25332 | Swamp:4  | Reached skill level 24 in Unarmed Combat
 25521 | Swamp:4  | Noticed a tentacled monstrosity
 25538 | Swamp:4  | Killed a tentacled monstrosity
 25612 | Swamp:4  | Got a decaying rune of Zot
 25751 | Swamp:4  | Reached skill level 10 in Armour
 26063 | Snake:1  | Entered Level 1 of the Snake Pit
 26716 | Snake:1  | Reached XP level 18. HP: 146/157 MP: 23/23
 27631 | Snake:2  | Reached skill level 15 in Fighting
 28102 | Snake:3  | Noticed Vashnia
 28366 | Snake:3  | Killed Vashnia
 28776 | Snake:3  | Noticed Jorgrun
 28817 | Snake:3  | Killed Jorgrun
 29069 | Snake:4  | Entered Level 4 of the Snake Pit
 29094 | Snake:4  | Noticed Agnes
 29096 | Snake:4  | Cast into level 3 of the Abyss (Agnes)
 29269 | Abyss:3  | Noticed a lich
 29295 | Abyss:3  | Killed a lich
 29318 | Abyss:3  | Reached XP level 19. HP: 132/177 MP: 25/25
 29380 | Abyss:3  | Lost intelligence.
 29392 | Abyss:3  | Reached skill level 10 in Evocations
 29394 | Snake:4  | Escaped the Abyss
 29692 | Snake:4  | Killed Agnes
 29944 | Snake:4  | Found a hide-covered altar of Uskayaw.
 30573 | Snake:4  | Reached skill level 25 in Unarmed Combat
 30638 | Snake:4  | Got a serpentine rune of Zot
 31121 | Vaults:1 | Entered Level 1 of the Vaults
 31352 | Vaults:1 | Reached XP level 20. HP: 121/184 MP: 27/27
 31574 | Vaults:1 | Reached skill level 1 in Charms
 31991 | Vaults:1 | Reached skill level 5 in Charms
 32141 | Vaults:1 | Found Digeo's Gadget Emporium.
 33437 | Vaults:2 | Reached XP level 21. HP: 178/192 MP: 28/28
 33543 | Vaults:2 | Found Exzim's Food Emporium.
 33928 | Vaults:3 | Reached skill level 1 in Translocations
 34293 | Vaults:3 | Reached skill level 5 in Translocations
 34676 | Vaults:3 | Noticed Nikola
 34691 | Vaults:3 | Killed Nikola
 34745 | Vaults:3 | Found Haova's Antique Armour Emporium.
 34770 | Vaults:3 | Reached skill level 26 in Unarmed Combat
 34792 | Vaults:3 | Bought a glowing cloak for 225 gold pieces
 34909 | Vaults:3 | Found a staircase to the Crypt.
 34909 | Vaults:3 | Found an ancient bone altar of Kikubaaqudgha.
 34910 | Vaults:3 | Found a basalt altar of Yredelemnul.
 34917 | Crypt:1  | Entered Level 1 of the Crypt
 35922 | Crypt:2  | Reached XP level 22. HP: 92/198 MP: 27/29
 36222 | Crypt:2  | Found a magical portal.
 36229 | WizLab   | Entered The Chambers of the Cloud Mage
 36642 | WizLab   | Reached skill level 27 in Unarmed Combat
 36702 | WizLab   | Identified the Disquisition on Lightness
 36716 | WizLab   | Identified the Collected Works on Lightness
 37267 | Crypt:3  | Entered Level 3 of the Crypt
 37361 | Crypt:3  | Found a staircase to the Tomb.
 38367 | Crypt:3  | Noticed a profane servitor
 38401 | Crypt:3  | Killed a profane servitor
 38889 | Crypt:3  | Found an ancient bone altar of Kikubaaqudgha.
 38909 | Crypt:3  | Found a basalt altar of Yredelemnul.
 38969 | Crypt:3  | Identified the Volume of Evil Rites
 38977 | Crypt:3  | Got a shimmering plate armour
 38993 | Crypt:3  | Identified the cursed +1 plate armour of Syndicalism {rF- rC+ Int+2 Slay+3} (You found it on level 3 of the Crypt)
 39283 | Vaults:3 | Reached XP level 23. HP: 133/215 MP: 30/30
 40800 | Vaults:5 | Entered Level 5 of the Vaults
 40840 | Vaults:5 | Reached skill level 15 in Armour
 40957 | Vaults:5 | Got an ancient plate armour
 40987 | Vaults:5 | Got a sparkling silver amulet
 41004 | Vaults:5 | Identified the cursed +0 plate armour of Negation {rElec Str-4 Int+4} (You found it on level 5 of the Vaults)
 41187 | Vaults:5 | Reached skill level 10 in Translocations
 41285 | Vaults:5 | Reached XP level 24. HP: 62/225 MP: 30/30
 41481 | Vaults:5 | Found Cippupyo's Gadget Shop.
 41833 | Vaults:5 | HP: 1/225 [titan (39)]
 41836 | Vaults:5 | Killed from afar by a deep elf high priest

Skill      XL: |  1  2  3  4  5  6  7  8  9 10 11 12 13 14 15 16 17 18 19 20 21 22 23 24 |
---------------+-------------------------------------------------------------------------+-----
Unarmed Combat | 1 2 4 6 8 9 10 11 14 15 16 18 20 23 24 25 26 27 | 27.0
Fighting       | 6 7 10 11 13 17 20 | 20.4
Dodging        | 0 |  0.0
Shields        | 1 4 |  4.1
Armour         | 7 8 11 12 15 | 15.3
Evocations     | 4 5 9 11 13 | 13.0
Stealth        | 0 |  0.0
Charms         | 9 |  9.1
Translocations | 6 10 13 | 13.2
Short Blades   | |  0.8

Action                   |  1- 3 |  4- 6 |  7- 9 | 10-12 | 13-15 | 16-18 | 19-21 | 22-24 || total
-------------------------+-------+-------+-------+-------+-------+-------+-------+-------++-------
Melee: Unarmed           |   170 |   171 |   356 |   758 |  1331 |  1437 |  1656 |  1306 ||  7185
       Short sword       |     9 |       |       |       |       |       |       |       ||     9
       Punch             |     2 |     6 |    14 |       |       |       |       |       ||    22
 Fire: Hunting sling     |     6 |    20 |     7 |       |       |       |       |       ||    33
       Blowgun           |       |       |     9 |       |     1 |     3 |     3 |     2 ||    18
Throw: Stone             |     1 |     3 |       |       |       |       |       |       ||     4
       Tomahawk          |       |       |     5 |     5 |     6 |       |       |       ||    16
       Throwing net      |       |       |     1 |       |       |     2 |     5 |       ||     8
 Cast: Song of Slaying   |       |       |       |       |       |       |    12 |    14 ||    26
       Shroud of Golubri |       |       |       |       |       |       |     4 |    10 ||    14
Invok: Sacrifice Words   |       |       |     1 |       |       |       |       |       ||     1
       Sacrifice Nimblen |       |       |     1 |       |       |       |       |       ||     1
       Power Leap        |       |       |       |     6 |     4 |     4 |     5 |       ||    19
       Sacrifice Resista |       |       |       |     1 |       |       |       |       ||     1
       Sacrifice Arcana  |       |       |       |     1 |       |       |       |       ||     1
       Apocalypse        |       |       |       |     1 |     3 |       |     1 |     4 ||     9
       Draw Out Power    |       |       |       |       |     3 |       |       |       ||     3
       Reject Sacrifices |       |       |       |       |     1 |       |       |       ||     1
       Sacrifice Stealth |       |       |       |       |     1 |       |       |       ||     1
 Abil: Evoke Blink       |       |       |     2 |     2 |       |       |       |       ||     4
       Evoke Invisibilit |       |       |       |       |     1 |     2 |       |       ||     3
       Stop Flying       |       |       |       |       |       |       |       |     2 ||     2
       Evoke Flight      |       |       |       |       |       |       |       |     1 ||     1
Evoke: Wand              |     4 |    13 |    17 |     9 |    30 |     8 |    12 |     3 ||    96
       Lightning rod     |       |       |       |       |     8 |     4 |     4 |       ||    16
       Box of beasts     |       |       |       |       |       |       |       |     1 ||     1
  Use: Scroll            |     2 |       |     7 |     9 |    19 |     4 |     4 |    12 ||    57
       Potion            |       |       |     4 |     4 |     4 |     1 |    10 |    12 ||    35
 Stab: Distracted        |       |       |     2 |     6 |     6 |     6 |     7 |    10 ||    37
       Invisible         |       |       |       |     8 |    14 |     7 |    14 |    10 ||    53
       Petrified         |       |       |       |     3 |       |       |       |       ||     3
       Sleeping          |       |       |       |     1 |       |     1 |       |       ||     2
       Paralysed         |       |       |       |     1 |    18 |     7 |     5 |     7 ||    38
       Confused          |       |       |       |       |     7 |       |     2 |       ||     9
       Held in net/web   |       |       |       |       |       |       |     2 |       ||     2
  Eat: Chunk             |     7 |    16 |    36 |    87 |   183 |    95 |   144 |    94 ||   662
       Royal jelly       |       |       |       |       |       |       |       |     4 ||     4
Armor: Leather armour    |     2 |       |    58 |   107 |       |       |       |       ||   167
       Scale mail        |    79 |    17 |       |       |       |       |       |       ||    96
       Chain mail        |       |    53 |       |       |   426 |   402 |   382 |   281 ||  1544
       Plate armour      |       |       |       |    98 |   196 |       |       |       ||   294
Dodge: Dodged            |    99 |    65 |   115 |   176 |   341 |   326 |   306 |   195 ||  1623
       Deflected         |       |       |       |       |     3 |       |       |       ||     3
Block: Buckler           |       |       |     1 |    99 |   190 |   511 |   643 |   486 ||  1930
       Large shield      |       |       |       |    34 |       |       |       |       ||    34
       Reflection        |       |       |       |       |       |    33 |    41 |    36 ||   110
